 Dungeon Crawl Stone Soup version 0.23.2-1-ga50397a6bc (webtiles) character file.

Game seed: 5001507499059516023

83 Freyura the Covered (level 4, -4/29 HPs)
             Began as a Gargoyle Fighter on Apr 27, 2019.
             Killed from afar by an orc wizard (7 damage)
             ... with a puff of frost
             ... on level 3 of the Dungeon.
             The game lasted 00:06:58 (1875 turns).

Freyura the Covered (Gargoyle Fighter)              Turns: 1875, Time: 00:06:59

Health: -4/29      AC: 10    Str: 20    XL:     4   Next: 44%
Magic:  4/4        EV: 10    Int:  8    God:
Gold:   178        SH:  0    Dex: 10    Spells: 3/3 levels left

rFire    . . .     SeeInvis .   o - +0 dire flail
rCold    . . .     Gourm    .   (shield currently unavailable)
rNeg     + . .     Faith    .   b - +0 scale mail
rPois    ∞         Spirit   .   (no helmet)
rElec    +         Reflect  .   (no cloak)
rCorr    .         Harm     .   (no gloves)
MR       .....                  (no boots)
Stlth    ..........             (no amulet)
HPRegen  0.09/turn              (no ring)
MPRegen  0.09/turn              (no ring)

@: no status effects
A: negative energy resistance 1, electricity resistance, unbreathing,
petrification resistance, rot immunity, AC +3
a: no special abilities


You were on level 3 of the Dungeon.
You were not hungry.

You visited 1 branch of the dungeon, and saw 3 of its levels.

You collected 178 gold pieces.

Inventory:

Hand Weapons
 a - a +0 flail
 o - a +0 dire flail (weapon)
Armour
 b - a +0 scale mail (worn)
 c - a +0 shield
Jewellery
 e - an uncursed ring of wizardry
Scrolls
 g - a scroll of immolation {unknown}
 j - 2 scrolls of identify {unknown}
 k - a scroll of amnesia {unknown}
 l - 2 scrolls of teleportation {unknown}
 m - 2 scrolls of enchant armour {unknown}
 p - 6 scrolls of remove curse {unknown}
 q - 2 scrolls of enchant weapon {unknown}
 r - a scroll of noise {unknown}
Potions
 d - a potion of might
 h - a potion of lignification {unknown}
 i - a potion of degeneration {unknown}
 n - a potion of ambrosia {unknown}
 s - a potion of mutation {unknown}
Comestibles
 f - 3 rations


   Skills:
 + Level 3.7 Fighting
 * Level 3.1 Maces & Flails
 + Level 3.8 Armour
 + Level 1.0 Dodging
 - Level 3.7 Shields


You had 3 spell levels left.
You didn't know any spells.
Your spell library contained the following spells:

 Spells                   Type           Power        Failure   Level  Hunger
 Irradiate                Conj/Tmut      #.........   100%        5    ######.
 Hydra Form               Tmut           #.........   100%        6    #######
 Dragon Form              Tmut           #.........   100%        7    #######
 Statue Form              Tmut/Erth      Unusable     N/A         6    N/A

Dungeon Overview and Level Annotations

Branches:
Dungeon (3/15)

Altars:
Qazlal


Innate Abilities, Weirdness & Mutations

You are resistant to torment.
Your stone body is resilient. (AC +3)
You are immune to poison.
You resist negative energy. (rN+)
You are resistant to electric shocks. (rElec)
You can survive without breathing.
You are immune to petrification.
You are immune to rotting.


Message History

You hear some strange, mumbled words.
A magic dart appears from out of thin air!
The magic dart hits you!
* * * LOW HITPOINT WARNING * * *
You miss something. Something hits you but does no damage.
You miss something. Something hits you but does no damage.
You miss something. Something hits you but does no damage.
You hit something. Something hits you but does no damage.
You closely miss something. Something completely misses you.
You miss something. Something hits you.
* * * LOW HITPOINT WARNING * * *
You closely miss something.
Something hits you but does no damage. x2
You hit something. Something hits you but does no damage.
You closely miss something. Something hits you but does no damage.
You closely miss something. Something hits you but does no damage.
Your scale mail prevents you from hitting something.
You hear some strange, mumbled words.
A puff of frost appears from out of thin air!
The puff of frost hits you!
You die...

#########
#oo{@..?#
....sg♣♣...+
##..♣ ♣♣..# #.
♣.## ♣.# ♣.##
♣..#
.♣♣♣♣..########
...............#


You could see 2 orcs, a giant cockroach and a hobgoblin.

Vanquished Creatures
  An orc wizard (D:3)
  2 adders
  A worm (D:2)
  2 leopard geckos
  An orc (D:3)
  A giant cockroach (D:2)
  5 goblins
  5 hobgoblins
  A ball python (D:3)
  A bat (D:2)
  8 frilled lizards
  A kobold (D:1)
  5 rats
  3 fungi (D:3)
  A toadstool (D:3)
38 creatures vanquished.

Vanquished Creatures (others)
  4 toadstools (D:3)
4 creatures vanquished.

Grand Total: 42 creatures vanquished

Notes
Turn   | Place    | Note
-------+----------+-------------------------------------------
     0 | D:1      | Freyura the Gargoyle Fighter began the quest for the Orb.
     0 | D:1      | Reached XP level 1. HP: 14/14 MP: 1/1
   144 | D:1      | Reached XP level 2. HP: 17/19 MP: 2/2
   797 | D:2      | Reached XP level 3. HP: 15/23 MP: 3/3
  1340 | D:2      | Found a stormy altar of Qazlal.
  1841 | D:3      | Reached skill level 1 in Dodging
  1841 | D:3      | Reached XP level 4. HP: 13/29 MP: 4/4
  1875 | D:3      | Killed from afar by an orc wizard

Skill      XL: |  1  2  3 |
---------------+----------+-----
Maces & Flails | 3 |  3.1
Dodging        | 1 |  1.0
Fighting       | |  3.7
Armour         | |  3.8
Shields        | |  3.7

Action                   |  1- 3 |  4- 6 || total
-------------------------+-------+-------++-------
Melee: Flail             |    59 |       ||    59
       Dire flail        |   126 |    34 ||   160
  Eat: Ration            |     1 |       ||     1
       Chunk             |     1 |       ||     1
Armor: Scale mail        |   105 |    26 ||   131
Dodge: Dodged            |   106 |     4 ||   110
Block: Shield            |    21 |       ||    21
